Map: Frozen Temple

Players

Razhalgul - Winner!

  • Race: Terran Terran
  • League: Diamond

blackxored

  • Race: Zerg Zerg
  • League: Platinum

VOD

Have the link to the VOD?

Description

Time

  • Played on: June 30, 2016, 6:12 a.m.
  • Length: 20:53
Show
View Real Time Build Order
Export as new Build Order

Razhalgul Terran - Winner!

Build Orders: Reaper Expand 

Get SALT Encoding   

  12  0:01  SCV  
  13  0:13  SCV  
  14  0:22  Supply Depot  
  14  0:25  SCV  
  15  0:43  SCV  
  15  0:44  Barracks  
  16  0:51  Refinery  
  16  0:55  SCV  
  17  1:07  SCV  
  18  1:20  SCV  
  19  1:32  Orbital Command  
  19  1:33  Reaper  
  20  1:40  Command Center  
  20  1:50  Supply Depot  
  20  1:59  SCV  
  21  2:05  Marine  
  22  2:12  SCV  
  22  2:14  Factory  
  23  2:24  Refinery, SCV  
  23  2:28  Barracks Reactor  
  24  2:55  Orbital Command  
  24  2:59  SCV  
  24  3:03  Starport  
  25  3:11  Hellion x2  
  25  3:12  Marine  
  30  3:25  Orbital Command  
  30  3:32  Marine  
  30  3:33  Hellion x2  
  35  3:41  SCV, Armory  
  36  3:49  Supply Depot, Marine  
  36  3:50  Supply Depot  
  36  3:53  Medivac, SCV  
  36  3:55  Hellion  
  42  4:01  Hellion  
  44  4:10  SCV x2  
  44  4:12  Marine  
  47  4:20  Hellion  
  49  4:26  Starport Tech Lab  
  49  4:28  Hellion  
  51  4:46  Hellion  
  51  4:49  Hellion  
  54  5:07  Hellion  
  54  5:11  Hellion  
  58  5:17  Barracks Tech Lab, Banshee  
  32  6:12  Marine, Banshee  
  32  6:15  SCV x2  
  38  6:19  Widow Mine x2  
  42  6:26  Starport  
  42  6:27  SCV  
  42  6:28  Starport, SCV  
  44  6:35  Barracks  
  44  6:37  Barracks  
  44  6:40  SCV x2  
  44  6:44  Refinery  
  44  6:45  Marine, Refinery  
  47  6:52  SCV x2  
  49  6:54  Widow Mine x2  
  49  6:55  Banshee  
  56  7:04  SCV x2  
  56  7:06  Starport Tech Lab x2  
  58  7:10  Command Center, Fusion Core  
  58  7:11  Terran Ship Weapons Level 1  
  58  7:14  Marine, Stimpack  
  59  7:16  SCV x2  
  61  7:25  Barracks Reactor  
  61  7:26  Barracks Reactor  
  61  7:29  Bunker  
  61  7:30  SCV  
  62  7:39  Supply Depot  
  62  8:00  Marine, Widow Mine x2, SCV  
  62  8:01  Supply Depot  
  68  8:22  Cloaking Field  
  68  8:23  Hyperflight Rotors  
  68  8:24  Supply Depot, Orbital Command  
  65  8:37  Banshee x3  
  74  8:46  Supply Depot  
  74  8:56  Marine x5  
  79  9:03  Liberator x2  
  79  9:04  Orbital Command  
  79  9:09  SCV x2  
  81  9:14  Marine x2  
  83  9:17  Marine x3  
  83  9:19  Combat Shields  
  83  9:21  SCV x2  
  94  9:31  Marine  
  94  9:33  SCV  
  94  9:34  SCV  
  97  9:39  Engineering Bay  
  97  9:40  Barracks  
  97  9:42  Barracks, Terran Ship Weapons Level 2  
  97  9:44  Engineering Bay, Advanced Ballistics  
  97  9:46  SCV x2  
  97  9:48  Marine x2  
  101  9:57  Bunker  
  101  9:58  SCV x2  
  103  10:07  Medivac x3  
  109  10:18  Terran Infantry Weapons Level 1  
  109  10:19  Terran Infantry Armor Level 1  
  109  10:35  Supply Depot  
  109  10:36  Supply Depot x2  
  109  10:38  Barracks Reactor x2, Command Center  
  109  10:44  Refinery  
  109  10:47  Liberator  
  109  10:48  Liberator  
  109  10:52  Supply Depot  
  109  10:55  Supply Depot  
  109  10:56  Marine x5  
  117  10:57  SCV x3  
  117  10:58  Refinery  
  117  11:09  SCV x3  
  126  11:14  Marine x9  
  126  11:15  Liberator  
  126  11:16  Supply Depot  
  135  11:19  Supply Depot  
  135  11:30  Liberator  
  135  11:32  Marine x5  
  140  11:36  High Capacity Fuel Tanks  
  143  11:40  Supply Depot  
  143  11:44  Supply Depot  
  143  11:50  Supply Depot  
  143  11:52  Supply Depot  
  146  12:00  Barracks  
  146  12:02  Marine x3  
  146  12:03  Marine  
  150  12:14  Terran Infantry Armor Level 2, Terran Infantry Weapons Level 2  
  150  12:16  Supply Depot, Marine x5  
  155  12:32  Liberator x2  
  155  12:36  Marine x8  
  155  12:37  Marine  
  114  12:50  Marine  
  111  12:53  Marine  
  111  12:54  Marine x6  
  111  12:57  Marine x2  
  114  12:58  Liberator  
  114  13:11  Marine x2  
  114  13:12  Marine x5  
  121  13:13  Barracks Reactor  
  124  13:32  Marine x5, Medivac  
  129  13:49  Marine x4  
  129  13:52  Planetary Fortress  
  133  14:00  Refinery  
  133  14:02  Refinery  
  133  14:05  Medivac x3  
  133  14:09  Marine x2  
  140  14:10  Marine x3  
  140  14:13  Terran Ship Weapons Level 3  
  144  14:18  Marine x5  
  144  14:21  Marine  
  150  14:27  Marine  
  102  14:55  Marine x4  
  102  14:58  Marine x4  
  103  15:08  Marine x3  
  106  15:21  Marine x3  
  106  15:26  Liberator x2  
  106  15:27  Liberator  
  109  15:29  Marine x3  
  112  15:42  Marine x6  
  116  15:45  Marine  
  116  15:46  Marine x3  
  116  15:47  Marine  
  132  15:50  Terran Infantry Weapons Level 3, Terran Infantry Armor Level 3  
  132  16:00  Marine  
  133  16:09  Liberator x2  
  133  16:13  Marine x4  
  133  16:14  Marine x5  
  145  16:33  Marine x4  
  145  16:34  Marine x2  
  145  16:35  Liberator  
  142  16:48  Marine x5  
  142  16:51  Marine x5  
  142  16:52  Marine, Liberator x2  
  150  17:05  Marine x2  
  150  17:06  Marine x3  
  155  17:09  Marine x6  
  167  17:18  Liberator  
  167  17:20  Terran Vehicle And Ship Armor Level 1  
  167  17:22  Command Center  
  167  17:23  Marine x3  
  167  17:24  Refinery  
  167  17:25  Refinery  
  170  17:34  Barracks  
  170  17:35  Barracks  
  171  17:37  Barracks, Ghost Academy  
  171  17:39  Barracks  
  153  18:10  Medivac x2  
  157  18:18  Medivac  
  129  18:35  Marine  
  129  18:36  Marine x4  
  129  18:39  Marine x6  
  137  18:53  Marine x2  
  137  18:54  Marine x3  
  142  18:56  Marine  
  142  18:57  Marine x3  
  142  18:59  Marine x2  
  148  19:11  Marine x3  
  148  19:12  Marine  
  148  19:25  Marine x5  
  153  19:31  Barracks Tech Lab x3  
  153  19:52  Marine x7  
  158  19:53  Barracks Tech Lab  
  160  20:02  Marine x4  
  164  20:25  Marine x7  
Show
View Real Time Build Order
Export as new Build Order

blackxored Zerg 

Build Orders: Hatch First 

Get SALT Encoding   

  12  0:01  Drone  
  13  0:08  Drone  
  14  0:17  Overlord  
  14  0:22  Extractor  
  14  0:24  Drone  
  15  0:37  Drone x2  
  17  0:53  Hatchery  
  17  0:56  Drone  
  17  0:59  Drone  
  18  1:11  Extractor  
  18  1:15  Spawning Pool  
  18  1:17  Drone  
  17  1:20  Drone  
  18  1:27  Drone  
  19  1:39  Overlord  
  19  1:49  Drone  
  20  2:02  Queen  
  20  2:04  Zergling x2, Queen  
  20  2:05  Zergling x2  
  26  2:11  Zergling x2  
  27  2:20  Zergling x2  
  28  2:34  Hatchery  
  27  2:40  Overlord  
  27  2:42  Drone x3  
  30  2:49  Overlord  
  30  3:00  Pneumatized Carapace  
  30  3:03  Drone x3  
  33  3:07  Metabolic Boost  
  33  3:38  Drone x4  
  33  3:39  Drone x4  
  41  3:46  Queen  
  43  3:49  Overlord  
  43  4:10  Drone  
  43  4:12  Overlord x2  
  43  4:13  Drone x3  
  43  4:16  Queen x2  
  51  4:27  Roach Warren, Drone  
  51  4:29  Drone x3  
  51  4:30  Extractor  
  51  4:31  Drone  
  54  4:36  Zergling x4  
  54  4:37  Zergling x4  
  58  4:44  Queen  
  60  4:51  Queen  
  62  4:52  Spine Crawler  
  51  5:09  Roach  
  51  5:10  Roach x6  
  59  5:15  Roach  
  59  5:16  Roach  
  65  5:21  Roach  
  59  5:33  Roach x3  
  59  5:34  Roach x2  
  63  5:39  Roach  
  63  5:46  Roach  
  61  5:55  Roach x2  
  55  6:08  Roach x2  
  59  6:18  Roach x2  
  63  6:27  Hatchery  
  63  6:28  Drone x2  
  64  6:32  Lair  
  64  6:45  Roach x2  
  64  6:46  Overlord x2  
  68  7:01  Overlord  
  68  7:07  Ravager  
  69  7:11  Drone x4  
  69  7:12  Drone x4  
  77  7:16  Extractor, Spore Crawler  
  77  7:17  Extractor, Drone x2  
  77  7:18  Drone  
  77  7:20  Spore Crawler  
  77  7:22  Drone  
  77  7:33  Roach x2  
  78  7:54  Spire  
  78  7:56  Spore Crawler  
  73  8:00  Spore Crawler  
  73  8:08  Spore Crawler  
  67  8:24  Drone x12  
  67  8:25  Queen  
  79  8:42  Spore Crawler  
  79  8:44  Ravager x3  
  81  8:52  Queen  
  81  8:53  Queen  
  84  9:01  Queen  
  80  9:08  Corruptor  
  82  9:11  Corruptor  
  82  9:16  Drone  
  86  9:17  Drone x6  
  86  9:20  Drone x3  
  94  9:29  Roach x2  
  94  9:31  Hatchery  
  97  9:35  Extractor x2  
  95  9:42  Glial Reconstitution  
  95  9:48  Drone x3  
  95  9:49  Overlord x2  
  98  10:03  Evolution Chamber  
  98  10:04  Drone  
  98  10:05  Evolution Chamber  
  98  10:06  Drone  
  98  10:10  Corruptor x2  
  102  10:19  Roach x3  
  108  10:24  Drone  
  108  10:27  Overseer  
  109  10:30  Drone  
  109  10:33  Roach x2  
  109  10:34  Infestation Pit  
  113  10:36  Overlord  
  113  10:47  Roach x3  
  119  10:51  Zerg Missile Weapons Level 1  
  119  10:53  Zerg Ground Armor Level 1  
  119  10:58  Queen  
  121  11:10  Infestor x3  
  127  11:18  Ravager  
  128  11:19  Overlord x2  
  128  11:42  Roach  
  128  11:43  Roach x3  
  128  11:44  Overlord x2  
  128  11:45  Overlord x2  
  136  11:58  Overlord x3  
  136  12:12  Roach x8  
  136  12:13  Roach  
  154  12:18  Zerg Flyer Armor Level 1  
  154  12:21  Drone  
  154  12:22  Drone  
  142  12:40  Roach x7  
  125  12:48  Roach  
  125  12:49  Roach x3  
  122  12:54  Roach x2  
  118  13:04  Drone x6  
  118  13:05  Drone  
  125  13:07  Drone  
  126  13:20  Roach  
  126  13:21  Roach x5  
  126  13:23  Ravager  
  126  13:24  Ravager x3  
  126  13:25  Ravager  
  126  13:26  Ravager x2  
  145  13:27  Ravager  
  145  13:28  Ravager x2  
  145  13:29  Ravager  
  145  13:33  Zerg Missile Weapons Level 2  
  149  13:45  Corruptor  
  149  13:46  Corruptor x2  
  155  13:52  Drone x5  
  160  14:07  Drone x6  
  166  14:12  Extractor x2, Roach x2  
  166  14:16  Ravager x6  
  174  14:17  Ravager  
  174  14:18  Ravager x2  
  174  14:19  Ravager  
  178  14:27  Hatchery  
  177  14:37  Roach  
  177  14:38  Roach x4  
  154  14:47  Roach x10  
  157  14:55  Roach x4  
  159  15:11  Infestor  
  161  15:23  Drone x4  
  161  15:24  Drone x3  
  168  15:34  Hive  
  168  15:36  Roach x2  
  168  15:37  Roach x6  
  184  15:45  Overlord  
  184  15:52  Zerg Ground Armor Level 2  
  179  16:14  Roach x6  
  191  16:20  Hatchery  
  191  16:25  Hatchery  
  170  16:58  Drone x22  
  192  17:13  Overlord x3  
  192  17:29  Overlord x2  
  139  17:55  Roach  
  139  17:56  Roach x19  
  154  18:11  Drone x6  
  160  18:13  Ultralisk Cavern  
  160  18:17  Ravager x2  
  160  18:18  Ravager x7  
  160  18:19  Ravager  
  165  18:22  Roach x5  
  151  18:29  Roach x4  
  119  18:34  Roach  
  119  18:35  Roach x3  
  119  18:37  Zergling x2  
  82  18:56  Roach x2  
  82  18:57  Roach x6  
  82  19:01  Chitinous Plating  
  68  19:20  Ultralisk  
  66  19:37  Ultralisk  
  47  19:55  Ultralisk x2  
  55  20:00  Ravager x2  
  51  20:38  Ravager  
Tags
 
Add a new tag
Caveats
  • Supply blocks, unpowered buildings, or Contaminate may cause inaccurate times.
  • Supply counts are checked every 10 seconds.